 Dungeon Crawl Stone Soup version 0.26.1-11-gd32895ea62 (webtiles) character file.

Game seed: 10710368241413580316

221 Zeld the Sneak (level 5, -1/25 HPs)
             Began as a Spriggan Brigand on May 24, 2021.
             Killed by nerve-wracking pain
             ... invoked by an orc priest
              (9 damage)
             ... on level 3 of the Dungeon.
             The game lasted 00:03:23 (4765 turns).

Zeld the Sneak (Spriggan Brigand)                   Turns: 4765, Time: 00:03:24

Health: -1/25      AC:  4    Str:  8    XL:     5   Next: 65%
Magic:  6/6        EV: 17    Int: 12    God:
Gold:   135        SH:  0    Dex: 18    Spells: 4/4 levels left

rFire    . . .     SeeInvis +   a - +2 dagger
rCold    . . .     Faith    .   (shield restricted)
rNeg     . . .     Spirit   .   l - +1 robe
rPois    .         Reflect  .   (helmet restricted)
rElec    .         Harm     .   c - +0 cloak
rCorr    .         Rampage  .   (gloves unavailable)
Will     .....                  (boots unavailable)
Stlth    +++.......             (no amulet)
HPRegen  0.08/turn              (no ring)
MPRegen  0.10/turn              (no ring)

@: very quick
A: very small, unfitting armour, see invisible, speed 3
a: no special abilities


You were on level 3 of the Dungeon.
You visited 1 branch of the dungeon, and saw 3 of its levels.

You collected 135 gold pieces.

Inventory:

Hand Weapons
 a - a +2 dagger (weapon)
 b - a +2 dagger of holy wrath
Missiles
 d - 18 poisoned darts (quivered)
 e - 2 curare-tipped darts
Armour
 c - a +0 cloak (worn)
 l - a +1 robe (worn)
Jewellery
 j - an uncursed amulet of magic regeneration {unknown}
Scrolls
 f - a scroll of amnesia {unknown}
 g - 7 scrolls of identify {unknown}
 h - 2 scrolls of enchant weapon {unknown}
 i - 3 scrolls of teleportation {unknown}
 k - a scroll of immolation {unknown}
 p - a scroll of magic mapping {unknown}
Potions
 m - a potion of magic {unknown}
 n - a potion of resistance {unknown}
 o - a potion of berserk rage {unknown}


   Skills:
 - Level 1.5 Fighting
 * Level 4.8 Short Blades
 * Level 4.4 Throwing
 - Level 1.5 Dodging
 - Level 5.8 Stealth


You had 4 spell levels left.
You didn't know any spells.
Your spell library was empty.

Dungeon Overview and Level Annotations

Branches:
Dungeon (3/15)

Altars:
Sif Muna


Innate Abilities, Weirdness & Mutations

You are very small and have problems with some larger weapons.
You are too small for most types of armour.
You have supernaturally acute eyesight. (SInv)
You cover ground extremely quickly.


Message History

You barely miss the orc priest.
The orc priest is moderately wounded.
You hit the orc priest.
The orc priest is heavily wounded.
The orc priest invokes the aid of Beogh against you.
Beogh smites you!
You are too injured to fight recklessly!
You are too injured to fight recklessly!
You are too injured to fight recklessly!
You are too injured to fight recklessly!
You hit the orc priest.
The orc priest is heavily wounded.
The orc priest closely misses you.
You hit the orc priest but do no damage.
The orc priest is heavily wounded.
You hit the orc priest but do no damage.
The orc priest is heavily wounded.
The orc priest calls down the wrath of Beogh upon you.
Pain shoots through your body!
You die...

....###..............##......#...
##.## #####...#####.###.#.##.#...
#.# #...#####.###.......### #.#
####...##..............# #.#
#......##..#####.###...### ##.#
#.#######''#####.......... ...#
#.#..#.))(....##.#o......#
########.#.##.##..##.##.#.8...8.#
..........)#.##@.##.##o#.......#
######.....#..o.....##o#.......#
#..#..#........##.#.......#
#..#..#.##..##.##.#.8...8.#
.......#.##..##.#..#.......#
###..#..#........#..##.....##
#..#############..###$⌠$### #...
#...#######. ###.
#.....#.........


You could see an orc priest.

Vanquished Creatures
  An ogre (D:3)
  Jessica (D:2)
  A gnoll (D:3)
  5 adders
  2 dart slugs (D:1)
  4 orcs (D:3)
  A giant cockroach (D:1)
  2 goblins
  3 hobgoblins
  7 jackals
  5 kobolds
  A quokka (D:3)
  9 bats
  A frilled lizard (D:2)
  4 rats
47 creatures vanquished.

Notes
Turn   | Place    | Note
-------+----------+-------------------------------------------
     0 | D:1      | Zeld the Spriggan Brigand began the quest for the Orb.
     0 | D:1      | Reached XP level 1. HP: 10/10 MP: 2/2
   820 | D:1      | Reached XP level 2. HP: 10/14 MP: 3/3
  1378 | D:2      | Noticed Jessica
  1384 | D:2      | Reached XP level 3. HP: 18/18 MP: 4/4
  1895 | D:2      | Killed Jessica
  2273 | D:3      | Reached XP level 4. HP: 22/22 MP: 5/5
  2345 | D:3      | Noticed an ogre
  3065 | D:3      | Killed an ogre
  3066 | D:3      | Reached XP level 5. HP: 25/25 MP: 6/6
  3171 | D:3      | Found a shimmering blue altar of Sif Muna.
  4765 | D:3      | Killed from afar by an orc priest

Illustrated notes

Levels and vault maps discovered:
D:1:      grunt_arrival_lava_bath, layout_basic, chequers_serial_rivers_micro_e
D:2:      minmay_general_purpose_star, layout_basic, uniq_jessica
D:3:      cheibrodos_pilgrimage, layout_loops_cross, lemuel_round_altar,
          nicolae_overflow_crystal_walls, kennysheep_generic_room_5

Skill      XL: |  1  2  3  4 |
---------------+-------------+-----
Short Blades   | 3 4 |  4.8
Throwing       | 3 4 |  4.4
Fighting       | |  1.5
Dodging        | |  1.5
Stealth        | |  5.8

Action                   |  1- 3 |  4- 6 || total
-------------------------+-------+-------++-------
Melee: Dagger            |   144 |   106 ||   250
Throw: Dart              |       |    10 ||    10
 Stab: Sleeping          |     5 |     5 ||    10
       Distracted        |       |     1 ||     1
Armor: Robe              |    34 |     3 ||    37
Dodge: Dodged            |   150 |    64 ||   214
